 Dungeon Crawl Stone Soup version 0.20-a0-941-gba1b1f9 (webtiles) character file.

715 Leonis the Chopper (level 7, -4/62 HPs)
             Began as a Hill Orc Fighter on Apr 1, 2017.
             Was an Initiate of Beogh.
             Slain by a wight
             ... wielding a cursed +8 battleaxe
              (19 damage)
             ... on level 6 of the Dungeon.
             The game lasted 00:17:11 (3239 turns).

Leonis the Chopper (Hill Orc Fighter)               Turns: 3239, Time: 00:17:12

Health: -4/62      AC: 11    Str: 21    XL:     7   Next: 69%
Magic:  7/7        EV:  8    Int:  8    God:    Beogh [......]
Gold:   169        SH:  9    Dex: 10    Spells: 6/6 levels left

rFire    . . .     SeeInvis .   a - +0 war axe
rCold    + . .     Gourm    .   c - +0 shield
rNeg     + . .     Faith    .   b - +0 scale mail
rPois    .         Spirit   .   i - +2 helmet
rElec    .         Reflect  .   (no cloak)
rCorr    .         Harm     .   (no gloves)
MR       .....                  B - +0 pair of boots
Stlth    ..........             g - amulet of regeneration
Regen    0.6/turn               A - ring of positive energy
MPRegen  0.1/turn               m - ring of protection from cold

@: drained
A: no striking features
a: Renounce Religion


You were on level 6 of the Dungeon.
You worshipped Beogh.
Beogh was noncommittal.
You were not hungry.

You visited 1 branch of the dungeon, and saw 6 of its levels.

You collected 281 gold pieces.
You spent 112 gold pieces at shops.

Inventory:

Hand Weapons
 a - a +0 war axe (weapon)
 t - a +1 spear of venom
 x - a +1 dagger of flaming
Missiles
 v - 12 tomahawks (quivered)
Armour
 b - a +0 scale mail (worn)
 c - a +0 shield (worn)
 i - a +2 helmet (worn)
 B - a +0 pair of boots (worn)
Jewellery
 g - an amulet of regeneration (around neck)
 j - an uncursed ring of ice
 m - a ring of protection from cold (right hand)
 q - an uncursed ring of poison resistance {unknown}
 z - a cursed ring of ice
 A - a ring of positive energy (left hand)
 C - an uncursed ring of protection from magic {unknown}
Scrolls
 h - a scroll of immolation {unknown}
 k - 3 scrolls of teleportation {unknown}
 o - a scroll of fog {unknown}
 p - 2 scrolls of amnesia {unknown}
 r - 4 scrolls of identify {unknown}
 y - 2 scrolls of enchant weapon {unknown}
 D - a scroll of enchant armour {unknown}
 E - a scroll of magic mapping {unknown}
Potions
 d - 2 potions of might
 e - 2 potions of magic {unknown}
 l - a potion of berserk rage {unknown}
 n - 4 potions of heal wounds
 s - a potion of degeneration {unknown}
 u - 2 potions of curing
Comestibles
 f - 4 bread rations
 w - a royal jelly
 F - 3 chunks of flesh


   Skills:
 * Level 5.8(5.2) Fighting
 + Level 6.8(6.2) Axes
 + Level 1.1(0.6) Throwing
 + Level 4.2(3.7) Armour
 + Level 1.2(0.6) Dodging
 + Level 5.5(4.9) Shields


You had 6 spell levels left.
You didn't know any spells.

Dungeon Overview and Level Annotations

Branches:
Dungeon (6/15)
 Temple: D:4-7

Altars:
Cheibriados

Shops:
D:4 (!!

Annotations:
D:5 Firebatgyro's ghost, amateur DsAK


Message History

The wight hits you with an enchanted battleaxe!
You barely miss the wight.
The wight is heavily damaged.
The wight closely misses you.
You barely miss the wight.
The wight is heavily damaged.
The wight hits you with an enchanted battleaxe.
You closely miss the wight.
The wight is heavily damaged.
The wight hits you with an enchanted battleaxe!
* * * LOW HITPOINT WARNING * * *
You partially resist.
You feel drained.
* * * LOW HITPOINT WARNING * * *
You feel much better.
The wight hits you with an enchanted battleaxe.
* * * LOW HITPOINT WARNING * * *
You closely miss the wight.
The wight is heavily damaged.
The wight hits you with an enchanted battleaxe!!
You die...

#.# #.##### #.# #.#...#
# #.# #.#.#.#.#
##.####.#.#.#.#####
................>..
##..###.###.########
#....#.#.....?.....
###.#.#.###..######. #
#.#.#.........@.# #####
###.#.#####..#..z.....#
#.... .##.#.#
#..#<...#.#.# #.###
......# #..#....# #
#.#.. .##.### #....)..#
#.#.# .##.# ##.######
#.#.# .##.# #.. #.#.#
.##.# .. #.#.# ..#.#
#.#.#


You could see a wight.

Vanquished Creatures
  Grinder (D:3)
  A necrophage (D:4)
  A centaur zombie (D:6)
  2 hounds (D:4)
  An orc priest (D:4)
  2 orc wizards (D:3)
  A centaur skeleton (D:6)
  3 worker ants
  A hound skeleton (D:6)
  A worker ant zombie (D:3)
  4 gnolls (D:3)
  An ooze (D:2)
  A worm (D:2)
  2 dart slugs (D:1)
  2 leopard geckos (D:1)
  10 orcs
  5 giant cockroaches
  8 goblins
  6 hobgoblins
  4 jackals (D:4)
  3 quokkas
  9 bats
  3 frilled lizards
  4 kobolds
  3 rats
  A plant (D:2)
80 creatures vanquished.

Vanquished Creatures (others)
  A dart slug (D:4)
  An orc (D:4)
2 creatures vanquished.

Grand Total: 82 creatures vanquished

Notes
Turn   | Place    | Note
-------+----------+-------------------------------------------
     0 | D:1      | Leonis the Hill Orc Fighter began the quest for the Orb.
     0 | D:1      | Reached XP level 1. HP: 19/19 MP: 1/1
   231 | D:1      | Reached XP level 2. HP: 27/27 MP: 2/2
   588 | D:1      | Reached skill level 3 in Axes
   588 | D:1      | Reached XP level 3. HP: 32/33 MP: 3/3
   999 | D:2      | Found a snail-covered altar of Cheibriados.
  1594 | D:3      | Reached XP level 4. HP: 36/40 MP: 4/4
  1611 | D:3      | Reached skill level 4 in Axes
  1686 | D:3      | Reached XP level 5. HP: 43/46 MP: 5/5
  1876 | D:3      | Reached skill level 5 in Axes
  1905 | D:3      | Noticed Grinder
  1919 | D:3      | Killed Grinder
  1919 | D:3      | Reached skill level 5 in Shields
  1919 | D:3      | Reached XP level 6. HP: 23/55 MP: 6/6
  2073 | D:4      | Found Piocusuj's Weapon Emporium.
  2079 | D:4      | Reached skill level 5 in Fighting
  2238 | D:4      | Reached skill level 1 in Throwing
  2296 | D:4      | Reached XP level 7. HP: 48/61 MP: 7/7
  2300 | D:4      | Reached skill level 6 in Axes
  2314 | D:4      | Found Vusiuhut's Distillery.
  2322 | D:4      | Bought a potion of curing for 42 gold pieces
  2322 | D:4      | Bought a potion of heal wounds for 70 gold pieces
  2362 | D:4      | Reached skill level 1 in Dodging
  2410 | D:4      | Found Jaon's Distillery.
  2566 | D:4      | Became a worshipper of Beogh the Brigand
  2742 | D:4      | Found Bohaneck's Antique Armour Shop.
  2778 | D:5      | Entered Level 5 of the Dungeon
  2816 | D:5      | Noticed Firebatgyro's ghost (amateur DsAK)
  3239 | D:6      | Slain by a wight

Vault maps used:
D:1:      dpeg_arrival_snail
D:2:      cheibriados_altar_1, serial_bayou_lagoon_b
D:3:      first_bread, uniq_grinder
D:4:      serial_shops, nicolae_shop_competitors_out_of_business,
          kennysheep_mini, shop_fountains, shop_statue
D:5:      temple_green, uniq_crazy_yiuf_cottage
D:6:      minitemple

Skill      XL: |  1  2  3  4  5  6  7 |
---------------+----------------------+-----
Shields        | 4 5 |  5.5
Axes           | 3 4 5 6 |  6.8
Fighting       | 4 5 |  5.8
Armour         | 4 |  4.2
Throwing       | 1 |  1.1
Dodging        | 1 |  1.2

Action                   |  1- 3 |  4- 6 |  7- 9 || total
-------------------------+-------+-------+-------++-------
Melee: War axe           |   134 |    98 |    57 ||   289
Throw: Tomahawk          |       |     7 |     4 ||    11
Invok: Convert to Beogh  |       |       |     1 ||     1
  Use: Potion            |       |       |     1 ||     1
  Eat: Chunk             |     2 |     3 |     3 ||     8
Armor: Scale mail        |    59 |    54 |    21 ||   134
Dodge: Dodged            |    35 |    31 |    14 ||    80
Block: Shield            |    81 |    55 |    21 ||   157
